[Event "Titled Tuesday Blitz June 13 Early 2023"]
[White "Begunov, Konstantin"]
[Black "Semenova, Alina"]
[WhiteFideId "4118510"]
[BlackFideId "24113875"]
[WhiteElo "1993"]
[BlackElo "1833"]
[Result "0-1"]
[Round "9"]
[TimeControl "180+2"]
[Date "2023.06.13"]
[WhiteClock "0:01:11"]
[BlackClock "0:01:36"]
[Board "140"]

1. d4 d5 2. c4 e6 3. Nc3 Nf6 4. cxd5 exd5 5. Bg5 Be7 6. e3 O-O 7. Qc2 h6 8. Bh4 c6 9. Bd3 Nbd7 10. Nf3 Re8 11. O-O Nf8 12. Rab1 Ne4 13. Bxe4 Bxh4 14. Bd3 Bf6 15. b4 Bg4 16. Nd2 Ne6 17. b5 c5 18. dxc5 Nxc5 19. Bh7+ Kh8 20. Bf5 Bxf5 21. Qxf5 Bxc3 22. Nf3 Qd7 23. Qc2 Ne4 24. Rfd1 Bf6 25. Rd3 Qe6 26. Rbd1 Red8 27. Qb3 Nc5 28. Qa4 Nxa4 0-1


[Site "https://www.chess.com"]

[Event "Titled Tuesday Blitz June 13 Early 2023"]
[White "Dixit, Nikhil"]
[Black "Necula, Iulian"]
[WhiteFideId "5059534"]
[BlackFideId "1232380"]
[WhiteElo "2207"]
[BlackElo "1790"]
[Result "1-0"]
[Round "9"]
[TimeControl "180+2"]
[Date "2023.06.13"]
[WhiteClock "0:02:20"]
[BlackClock "0:02:10"]
[Board "141"]

1. e4 d6 2. d4 Nf6 3. Nc3 Nbd7 4. Nf3 e5 5. Bc4 Be7 6. dxe5 dxe5 7. O-O c6 8. a4 a5 9. h3 h6 10. Qe2 Qc7 11. Nh4 g6 12. f4 Nh5 13. Bxf7+ Kxf7 14. fxe5+ Kg7 15. Nxg6 Kxg6 16. Qg4+ Bg5 17. Qf5+ Kg7 18. Qf7# 1-0


[Site "https://www.chess.com"]

[Event "Titled Tuesday Blitz June 13 Early 2023"]
[White "Mazurkiewicz, Michal"]
[Black "Sarkar, Justin"]
[WhiteFideId "1124943"]
[BlackFideId "2010011"]
[WhiteElo "2063"]
[BlackElo "2151"]
[Result "1-0"]
[Round "9"]
[TimeControl "180+2"]
[Date "2023.06.13"]
[WhiteClock "0:01:42"]
[BlackClock "0:00:00"]
[Board "142"]

1. e4 c5 2. Nf3 d6 3. g3 Nf6 4. d3 Bg4 5. Bg2 Nc6 6. h3 Bxf3 7. Qxf3 g6 8. c3 Bg7 9. Qe2 O-O 10. O-O Rb8 11. a4 a6 12. Be3 Nd7 13. Nd2 b5 14. axb5 axb5 15. e5 Qc7 16. exd6 exd6 17. Ne4 Rfe8 18. Qc2 b4 19. Bf4 Be5 20. Bxe5 Ncxe5 21. f4 Nc6 22. Ra6 Rb6 23. Rxb6 Qxb6 24. Nxd6 c4+ 25. d4 Nxd4 26. cxd4 Qxd4+ 27. Kh2 Qxd6 28. Qxc4 Nb6 29. Qb5 Rd8 30. Re1 Kg7 31. Re4 1-0


[Site "https://www.chess.com"]

[Event "Titled Tuesday Blitz June 13 Early 2023"]
[White "Jimenez Garcia, Emmanuel"]
[Black "De Souza, Cristiano Gomes"]
[WhiteFideId "6504779"]
[BlackFideId "2151758"]
[WhiteElo "2440"]
[BlackElo "2068"]
[Result "1-0"]
[Round "9"]
[TimeControl "180+2"]
[Date "2023.06.13"]
[WhiteClock "0:01:34"]
[BlackClock "0:02:08"]
[Board "143"]

1. Nf3 Nf6 2. c4 g6 3. b3 Bg7 4. Bb2 d6 5. d4 O-O 6. g3 Nc6 7. d5 Nb4 8. Bg2 c5 9. a3 Na6 10. O-O Nc7 11. a4 a6 12. Nbd2 Rb8 13. e4 b5 14. axb5 axb5 15. Re1 Bd7 16. e5 dxe5 17. Bxe5 Nfe8 18. Bxg7 Kxg7 19. Qe2 e6 20. Ra7 Nd6 21. Qe5+ 1-0


[Site "https://www.chess.com"]

[Event "Titled Tuesday Blitz June 13 Early 2023"]
[White "Tinmaz, Kerem"]
[Black "Tuleyeva-Aketayeva, Dana"]
[WhiteFideId "44559151"]
[BlackFideId "13701932"]
[WhiteElo "2153"]
[BlackElo "2030"]
[Result "1-0"]
[Round "9"]
[TimeControl "180+2"]
[Date "2023.06.13"]
[WhiteClock "0:00:13"]
[BlackClock "0:00:09"]
[Board "144"]

1. e4 c5 2. Nc3 Nc6 3. Bb5 g6 4. Bxc6 bxc6 5. d3 Bg7 6. f4 Nf6 7. Nf3 O-O 8. O-O d5 9. e5 Ne8 10. Qe2 Nc7 11. Bd2 Nb5 12. a4 Nd4 13. Nxd4 cxd4 14. Na2 c5 15. Nc1 Be6 16. Nb3 a5 17. Nxc5 Qb6 18. Nb3 Rfc8 19. Be1 f6 20. Bf2 Qb4 21. Nxd4 Bf7 22. c3 Qb8 23. e6 Be8 24. g3 Qd6 25. Nb5 Bxb5 26. axb5 f5 27. b6 Rc6 28. Rfe1 d4 29. b7 Rb8 30. Rxa5 Rxb7 31. Ra8+ Rb8 32. Rxb8+ Qxb8 33. cxd4 Rb6 34. Rb1 Rb3 35. d5 Qd6 36. Qf3 Bf6 37. h4 Qc7 38. Kg2 Qc2 39. Qd1 Qxd1 40. Rxd1 Rxb2 41. Kf3 Rb5 42. d6 exd6 43. Rc1 Rb8 44. Rc7 Re8 45. e7 Rxe7 46. Rxe7 Bxe7 47. Bb6 Kf7 48. Ke3 Ke6 49. Kd4 Bf6+ 50. Kc4 Bb2 51. Bf2 d5+ 52. Kc5 Bc1 53. Kc6 Ba3 54. Kb5 Bd6 55. Kc6 Be7 56. Bd4 h6 57. Bc5 Bf6 58. Bf2 g5 59. fxg5 hxg5 60. hxg5 Bxg5 61. Kc5 Ke5 62. Bd4+ Ke6 63. Bf2 Bd2 64. Kd4 Ba5 65. Ke3 Ke5 66. d4+ Ke6 67. Kf4 Bc7+ 68. Kf3 Kf6 69. Be3 Kg6 70. Bf4 Bb6 71. Be5 Bd8 72. Kf4 Bg5+ 73. Kf3 Kf7 74. Bf4 Bf6 75. Be3 Ke6 76. Kf4 Be7 77. g4 Bd6+ 78. Kf3 fxg4+ 79. Kxg4 Kd7 80. Kf5 Kc6 81. Bf4 Bxf4 82. Kxf4 Kb5 83. Kf5 Kb4 84. Ke6 Kc4 85. Ke5 Kb5 86. Kxd5 Kb6 87. Kd6 Kb7 88. Ke6 Kc6 89. d5+ Kc7 90. Ke7 Kc8 91. d6 Kb7 92. d7 Kc6 93. d8=Q Kb5 94. Qd6 Kc4 95. Ke6 Kb5 96. Qc7 Kb4 97. Kd5 Kb3 98. Qc4+ Kb2 99. Kd4 Kb1 100. Qc3 Ka2 101. Qb4 Ka1 102. Kc3 1-0


[Site "https://www.chess.com"]

[Event "Titled Tuesday Blitz June 13 Early 2023"]
[White "Ramirez Vido, Robert Yorisan"]
[Black "Xavier_mompel"]
[WhiteFideId "3513823"]
[WhiteElo "2364"]
[BlackElo "2208"]
[Result "1-0"]
[Round "9"]
[TimeControl "180+2"]
[Date "2023.06.13"]
[WhiteClock "0:00:10"]
[BlackClock "0:00:00"]
[Board "145"]

1. e4 c5 2. Nc3 e6 3. g3 Nc6 4. Bg2 a6 5. d3 Nge7 6. f4 g6 7. Nf3 d6 8. O-O Bg7 9. Be3 Nd4 10. Qd2 O-O 11. a4 Rb8 12. Nd1 b5 13. axb5 axb5 14. Nxd4 cxd4 15. Bf2 Bb7 16. c3 Qb6 17. cxd4 Bxd4 18. Bxd4 Qxd4+ 19. Qe3 Nc6 20. Qxd4 Nxd4 21. Ra7 Bc6 22. Ne3 Ra8 23. Rfa1 Rxa7 24. Rxa7 Ra8 25. Rxa8+ Bxa8 26. Kf2 Kf8 27. Ke1 Ke7 28. Kd2 f5 29. exf5 Bxg2 30. fxg6 hxg6 31. Nxg2 Nf3+ 32. Kc3 Nxh2 33. Kb4 Nf1 34. g4 Nh2 35. Ne3 d5 36. Kxb5 d4 37. Nc2 Nxg4 38. Nxd4 Kd6 39. b4 e5 40. Ne2 Nf2 41. fxe5+ Kxe5 42. d4+ Kd6 43. Ka6 Nd3 44. b5 Nb4+ 45. Ka7 Nd5 46. b6 Nxb6 47. Kxb6 Kd5 48. Kb5 g5 49. Kb4 g4 50. Kc3 Ke4 51. Ng3+ Kf3 52. Nh5 Ke4 53. Kc4 1-0


[Site "https://www.chess.com"]

[Event "Titled Tuesday Blitz June 13 Early 2023"]
[White "Chuemsakul, Sarocha"]
[Black "Hartikainen, Jarmo"]
[WhiteFideId "6203710"]
[BlackFideId "503134"]
[WhiteElo "1686"]
[BlackElo "2126"]
[Result "1-0"]
[Round "9"]
[TimeControl "180+2"]
[Date "2023.06.13"]
[WhiteClock "0:00:14"]
[BlackClock "0:00:03"]
[Board "146"]

1. d4 Nf6 2. c4 g6 3. Nc3 d5 4. cxd5 Nxd5 5. e4 Nxc3 6. bxc3 Bg7 7. Nf3 O-O 8. Be2 c5 9. O-O b6 10. Be3 Bb7 11. Qc2 cxd4 12. cxd4 Nc6 13. Rac1 Rc8 14. Qa4 Na5 15. d5 Qd6 16. Bd2 e6 17. Bxa5 bxa5 18. Qxa5 exd5 19. e5 Qb6 20. Qxb6 axb6 21. Rb1 Rc2 22. Rxb6 Rxe2 23. Rxb7 Rxa2 24. Rd1 Rfa8 25. g3 Ra1 26. Rxa1 Rxa1+ 27. Kg2 Ra5 28. Rb8+ Bf8 29. Rd8 h6 30. Nd4 Ra6 31. f4 Kg7 32. Rxd5 Ra2+ 33. Kh3 h5 34. Rd7 Kg8 35. Rd8 Kg7 36. e6 Ra7 37. Rd7 Ra4 38. Rxf7+ Kg8 39. Rd7 Bc5 40. Nc6 Kf8 41. Rd8+ Kg7 42. e7 Bxe7 43. Nxe7 Kf6 44. Nd5+ Ke6 45. Ne3 Ke7 46. Rg8 Kd7 47. Rxg6 Ra3 48. Nf5 Ra2 49. Ng7 Ke7 50. Nxh5 Kf7 51. Rf6+ Ke7 52. Rb6 Kf7 53. g4 Kg8 54. g5 Ra3+ 55. Kg4 Ra2 56. g6 Rg2+ 57. Kf5 Rxh2 58. Rb8# 1-0


[Site "https://www.chess.com"]

[Event "Titled Tuesday Blitz June 13 Early 2023"]
[White "Sanchez, Robert"]
[Black "rikchessmx"]
[WhiteFideId "2034360"]
[WhiteElo "1923"]
[BlackElo "2310"]
[Result "1-0"]
[Round "9"]
[TimeControl "180+2"]
[Date "2023.06.13"]
[WhiteClock "0:00:09"]
[BlackClock "0:01:10"]
[Board "147"]

1. e4 e5 2. d4 exd4 3. c3 dxc3 4. Bc4 cxb2 5. Bxb2 d6 6. Nf3 Be7 7. Qb3 Nh6 8. Bxg7 Bf6 9. Bxh8 Bxh8 10. Nc3 Qf6 11. Rc1 c6 12. O-O Nd7 13. Rfe1 Nc5 14. Qc2 Qg6 15. e5 d5 16. Bb3 Bf5 17. Qd2 O-O-O 18. Nxd5 cxd5 19. Rxc5+ Kb8 20. Rxd5 Rc8 21. Qb4 Ng4 22. Nh4 Qh5 23. Nxf5 Qxh2+ 24. Kf1 Qf4 25. Qxf4 h5 26. e6+ Ka8 27. e7 Re8 28. Rd8+ 1-0


[Site "https://www.chess.com"]

[Event "Titled Tuesday Blitz June 13 Early 2023"]
[White "Mazarini41"]
[Black "Nikulina, Alena"]
[BlackFideId "4172051"]
[WhiteElo "2530"]
[BlackElo "1608"]
[Result "1-0"]
[Round "9"]
[TimeControl "180+2"]
[Date "2023.06.13"]
[WhiteClock "0:01:33"]
[BlackClock "0:00:58"]
[Board "148"]

1. Nf3 d5 2. d4 Nf6 3. c4 dxc4 4. e3 a6 5. Bxc4 b5 6. Bd3 e6 7. O-O Be7 8. a4 b4 9. Nbd2 O-O 10. e4 Bb7 11. e5 Nd5 12. Ne4 Nd7 13. Nfg5 g6 14. Qg4 h6 15. Nxe6 fxe6 16. Qxg6+ Kh8 17. Qxh6+ Kg8 18. Qg6+ Kh8 19. Ng5 Bxg5 20. Qh7# 1-0


[Site "https://www.chess.com"]

[Event "Titled Tuesday Blitz June 13 Early 2023"]
[White "rionelG"]
[Black "Tokman, Ariel"]
[BlackFideId "117420"]
[WhiteElo "2223"]
[BlackElo "2263"]
[Result "0-1"]
[Round "9"]
[TimeControl "180+2"]
[Date "2023.06.13"]
[WhiteClock "0:00:01"]
[BlackClock "0:00:04"]
[Board "149"]

1. e4 e6 2. d3 d5 3. Nd2 Nf6 4. g3 Be7 5. Bg2 O-O 6. Ngf3 c5 7. O-O Nc6 8. Re1 Qc7 9. e5 Nd7 10. Qe2 b5 11. Nf1 Bb7 12. Bf4 Rfc8 13. c3 Qd8 14. h4 Qf8 15. N1h2 b4 16. c4 dxc4 17. dxc4 Rd8 18. b3 Qe8 19. Rad1 Nf8 20. h5 h6 21. Ng4 Nh7 22. Qe3 Rxd1 23. Rxd1 Rd8 24. Qc1 Nd4 25. Nxd4 Bxg2 26. Nxe6 Rxd1+ 27. Qxd1 Bc6 28. Nc7 Qc8 29. Nd5 Bf8 30. Nge3 Qe6 31. Qg4 Qe8 32. Qf5 Bd7 33. Qe4 Kh8 34. Nf5 Bc6 35. Qd3 Qe6 36. Nde3 a5 37. Qd8 a4 38. Nd6 axb3 39. axb3 Kg8 40. Nef5 f6 41. exf6 Nxf6 42. Kh2 Ng4+ 43. Kh3 Nxf2+ 44. Kh4 Ne4 45. Nxe4 Qxf5 46. Nd6 Qe6 47. Nb5 Bd7 48. g4 Qxg4# 0-1


[Site "https://www.chess.com"]

[Event "Titled Tuesday Blitz June 13 Early 2023"]
[White "Pein, Jonathan"]
[Black "Mishra, Manoj"]
[WhiteFideId "417092"]
[BlackFideId "5006007"]
[WhiteElo "2151"]
[BlackElo "1847"]
[Result "0-1"]
[Round "9"]
[TimeControl "180+2"]
[Date "2023.06.13"]
[WhiteClock "0:00:00"]
[BlackClock "0:00:22"]
[Board "150"]

1. e4 Nf6 2. d3 e5 3. Nf3 Nc6 4. g3 Bc5 5. Bg2 d6 6. O-O h5 7. h3 Bd7 8. Nc3 Qc8 9. Kh2 Ng4+ 10. hxg4 hxg4+ 11. Nh4 Qd8 12. Kg1 Rxh4 13. gxh4 Qxh4 14. Be3 g3 15. Re1 gxf2+ 16. Kf1 fxe1=Q+ 17. Qxe1 Qxe1+ 18. Rxe1 Nd4 19. Nd5 O-O-O 20. Bxd4 Bxd4 21. c3 Bb6 22. Ke2 Rh8 23. Kf3 c6 24. Nxb6+ axb6 25. a3 f5 26. Kg3 f4+ 27. Kf2 g5 28. d4 g4 29. dxe5 dxe5 30. Rd1 Kc7 31. b4 g3+ 32. Kg1 Bg4 33. Rf1 Rd8 34. Bf3 Bh3 35. Rd1 Rxd1+ 36. Bxd1 b5 37. a4 bxa4 38. Bxa4 f3 39. Bb5 f2+ 40. Kh1 cxb5 41. c4 g2+ 0-1


[Site "https://www.chess.com"]

[Event "Titled Tuesday Blitz June 13 Early 2023"]
[White "Kiseleva, Arina"]
[Black "Mrudul Dehankar"]
[WhiteFideId "4164989"]
[BlackFideId "25096990"]
[WhiteElo "1701"]
[BlackElo "2139"]
[Result "0-1"]
[Round "9"]
[TimeControl "180+2"]
[Date "2023.06.13"]
[WhiteClock "0:00:00"]
[BlackClock "0:00:07"]
[Board "151"]

1. d4 Nf6 2. Nf3 e6 3. e3 b6 4. Bd3 Bb7 5. Nbd2 c5 6. O-O Be7 7. b3 O-O 8. Bb2 cxd4 9. Nxd4 d6 10. c4 Nbd7 11. Rc1 a6 12. Bb1 Qc7 13. h3 Rfe8 14. Qc2 Rac8 15. Rfd1 Qb8 16. Qd3 Bf8 17. N4f3 e5 18. Qe2 Bc6 19. Nf1 b5 20. cxb5 Bxb5 21. Qd2 Nc5 22. Ng3 Bc6 23. Qe2 Qb7 24. Nf5 Red8 25. Ba3 Bb5 26. Qe1 g6 27. Ng3 h5 28. Bxc5 dxc5 29. Rxd8 Rxd8 30. Nxe5 Bd6 31. f4 Qe7 32. Nf3 Re8 33. Nf1 Nd5 34. Qf2 Nxe3 35. Nxe3 Qxe3 36. g3 Qe2 37. Qxe2 Rxe2 38. a4 Bc6 39. Nh4 Kg7 40. f5 g5 41. f6+ Kxf6 42. Rf1+ Ke6 43. Nf5 Be5 44. Ng7+ Bxg7 45. Rf2 Bd4 0-1


[Site "https://www.chess.com"]

[Event "Titled Tuesday Blitz June 13 Early 2023"]
[White "Mirzanurov, Bulat"]
[Black "Kuznetsov, Mikhail"]
[WhiteFideId "4184521"]
[BlackFideId "4117190"]
[WhiteElo "2005"]
[BlackElo "1981"]
[Result "0-1"]
[Round "9"]
[TimeControl "180+2"]
[Date "2023.06.13"]
[WhiteClock "0:00:01"]
[BlackClock "0:01:23"]
[Board "152"]

1. e4 c6 2. d4 d5 3. exd5 cxd5 4. Nf3 Nf6 5. Ne5 Nc6 6. c3 e6 7. Nd2 Nxe5 8. dxe5 Nd7 9. Nf3 Be7 10. Bd3 O-O 11. O-O Nc5 12. Bc2 f5 13. exf6 Bxf6 14. Be3 b6 15. Re1 Qd6 16. Bd4 Nd7 17. Qd3 g6 18. Bxf6 Rxf6 19. Rad1 Bb7 20. Ng5 Qe7 21. Qh3 Re8 22. Rd2 e5 23. Ne4 Rf4 24. g3 Rf7 25. Ng5 Qxg5 26. Bb3 0-1


[Site "https://www.chess.com"]

[Event "Titled Tuesday Blitz June 13 Early 2023"]
[White "Koridze, Lile"]
[Black "le-castor-faineant"]
[WhiteFideId "13612514"]
[WhiteElo "2047"]
[BlackElo "2195"]
[Result "1-0"]
[Round "9"]
[TimeControl "180+2"]
[Date "2023.06.13"]
[WhiteClock "0:02:33"]
[BlackClock "0:00:13"]
[Board "153"]

1. d4 Nf6 2. c4 g6 3. Nc3 Bg7 4. e4 d6 5. Nf3 O-O 6. Be2 Nbd7 7. O-O e5 8. Be3 Re8 9. d5 Nc5 10. Qc2 a5 11. a3 Bg4 12. b4 Ncd7 13. h3 Bxf3 14. Bxf3 Nf8 15. c5 N6d7 16. cxd6 cxd6 17. Nb5 Nb6 18. bxa5 Rxa5 19. Qb3 Na4 20. Rfc1 Nd7 21. Nxd6 Ndc5 22. Bxc5 Nxc5 23. Rxc5 Rxc5 24. Nxe8 Qxe8 25. Qxb7 Ra5 26. Rc1 Bf8 27. Rc8 Qb5 28. Qe7 1-0


[Site "https://www.chess.com"]

[Event "Titled Tuesday Blitz June 13 Early 2023"]
[White "Osuna Vega, Enrique"]
[Black "Freile Martin, Javier"]
[WhiteFideId "2219549"]
[BlackFideId "3600165"]
[WhiteElo "2174"]
[BlackElo "2320"]
[Result "0-1"]
[Round "9"]
[TimeControl "180+2"]
[Date "2023.06.13"]
[WhiteClock "0:00:01"]
[BlackClock "0:01:38"]
[Board "154"]

1. e4 c5 2. Nf3 d6 3. d4 cxd4 4. Nxd4 Nf6 5. f3 Bd7 6. c4 e6 7. Nc3 Nc6 8. Be3 a6 9. Qd2 h5 10. Be2 Be7 11. O-O Rc8 12. Rfd1 h4 13. Rac1 Qa5 14. Nb3 Qc7 15. Nd4 Ne5 16. b3 h3 17. g3 Qb8 18. Rf1 Kf8 19. Qd1 Nc6 20. f4 Nxd4 21. Bxd4 Bc6 22. Bf3 b5 23. cxb5 axb5 24. e5 dxe5 25. Bxe5 Bc5+ 26. Kh1 Qb7 27. Bd6+ Bxd6 28. Qxd6+ Kg8 29. Bxc6 Rxc6 0-1


[Site "https://www.chess.com"]

[Event "Titled Tuesday Blitz June 13 Early 2023"]
[White "Sailer, Mike"]
[Black "Simonovic, Miroslav"]
[WhiteFideId "2012901"]
[BlackFideId "919152"]
[WhiteElo "2109"]
[BlackElo "2075"]
[Result "0-1"]
[Round "9"]
[TimeControl "180+2"]
[Date "2023.06.13"]
[WhiteClock "0:00:21"]
[BlackClock "0:00:43"]
[Board "155"]

1. d4 Nf6 2. Bg5 e6 3. Nd2 h6 4. Bh4 g5 5. Bg3 Bg7 6. e4 d6 7. Bd3 Nbd7 8. Qe2 e5 9. c3 Qe7 10. h4 g4 11. h5 b6 12. Bh4 Bb7 13. f3 gxf3 14. Ngxf3 O-O-O 15. O-O-O Rde8 16. Ba6 Qe6 17. Bxb7+ Kxb7 18. Bxf6 Bxf6 19. d5 Qg4 20. b4 a6 21. a4 Reg8 22. Rhg1 Qxh5 23. Qc4 Nb8 24. Nb3 Bg5+ 25. Kb2 Be3 26. Rgf1 Rxg2+ 27. Ka3 Rf2 28. Rxf2 Bxf2 29. Nfd2 Qxd1 30. b5 a5 31. Nxa5+ bxa5 32. Nb3 Bc5+ 33. Nxc5+ dxc5 34. Qxc5 Qa1+ 35. Kb3 Rd8 36. b6 cxb6 37. Qe7+ Rd7 38. Qxe5 Qb1+ 39. Ka3 Qd3 0-1


[Site "https://www.chess.com"]

[Event "Titled Tuesday Blitz June 13 Early 2023"]
[White "Zaksaite, Salomeja"]
[Black "Lisjak, Zlatko"]
[WhiteFideId "12801496"]
[BlackFideId "14502186"]
[WhiteElo "2059"]
[BlackElo "1998"]
[Result "1-0"]
[Round "9"]
[TimeControl "180+2"]
[Date "2023.06.13"]
[WhiteClock "0:01:24"]
[BlackClock "0:00:58"]
[Board "156"]

1. d4 d6 2. e4 Nf6 3. Nc3 c6 4. Nf3 Bg4 5. Be2 e6 6. h3 Bh5 7. Bf4 d5 8. e5 Nfd7 9. Qd2 Be7 10. g4 Bg6 11. O-O-O b5 12. Rdg1 Nb6 13. b3 a5 14. h4 b4 15. Nb1 a4 16. Ng5 h6 17. h5 hxg5 18. hxg6 Rxh1 19. Rxh1 gxf4 20. Rh8+ Bf8 21. gxf7+ Kxf7 22. Qxf4+ Ke7 23. Qg5+ Kf7 24. Qxd8 1-0


[Site "https://www.chess.com"]

[Event "Titled Tuesday Blitz June 13 Early 2023"]
[White "Philippe, Guillaume"]
[Black "babbilator"]
[WhiteFideId "36048763"]
[WhiteElo "2387"]
[BlackElo "2284"]
[Result "1-0"]
[Round "9"]
[TimeControl "180+2"]
[Date "2023.06.13"]
[WhiteClock "0:01:55"]
[BlackClock "0:00:07"]
[Board "157"]

1. e4 c5 2. Nf3 e6 3. d4 cxd4 4. Nxd4 Nc6 5. Nc3 Qc7 6. g4 a6 7. Be3 Bb4 8. Qd2 Nf6 9. f3 d5 10. g5 Nd7 11. exd5 exd5 12. O-O-O O-O 13. Kb1 Nb6 14. Bd3 Nc4 15. Bxc4 dxc4 16. Nd5 Bxd2 17. Nxc7 Bxe3 18. Nxc6 bxc6 19. Nxa8 Bb7 20. Nc7 Bxg5 21. Rhe1 Bd8 22. Re8 Bxc7 23. Rxf8+ Kxf8 24. Rd7 c5 25. Rxc7 Bxf3 26. Rxc5 g5 27. Rxg5 1-0


[Site "https://www.chess.com"]

[Event "Titled Tuesday Blitz June 13 Early 2023"]
[White "agvania123"]
[Black "Maluco_do_Natal_00"]
[WhiteElo "2248"]
[BlackElo "2095"]
[Result "1-0"]
[Round "9"]
[TimeControl "180+2"]
[Date "2023.06.13"]
[WhiteClock "0:00:46"]
[BlackClock "0:00:00"]
[Board "158"]

1. c4 c5 2. Nc3 Nf6 3. e4 Nc6 4. d3 g6 5. g3 Bg7 6. Bg2 d6 7. Nge2 O-O 8. O-O Rb8 9. h3 a6 10. a4 e6 11. f4 Qc7 12. Be3 b6 13. d4 cxd4 14. Nxd4 Nxd4 15. Bxd4 Nh5 16. Bxg7 Nxg7 17. b3 Bb7 18. Rc1 Rbd8 19. Qd4 Nh5 20. g4 Nxf4 21. Rcd1 Nxg2 22. Kxg2 f5 23. gxf5 gxf5 24. Kg1 e5 25. Qd2 f4 26. Rf2 Kh8 27. Rg2 Rg8 28. Rxg8+ Rxg8+ 29. Kh2 Qg7 30. Qf2 b5 31. cxb5 axb5 32. axb5 Qg6 33. Rg1 Qf7 34. Rxg8+ Kxg8 35. Qg2+ Kh8 36. Qg5 f3 37. Qc1 f2 38. Qf1 Qxb3 39. Qxf2 1-0


[Site "https://www.chess.com"]

[Event "Titled Tuesday Blitz June 13 Early 2023"]
[White "Liu, Kelsey"]
[Black "Vargas, Mauricio"]
[WhiteFideId "30944481"]
[BlackFideId "4404572"]
[WhiteElo "2245"]
[BlackElo "1986"]
[Result "1-0"]
[Round "9"]
[TimeControl "180+2"]
[Date "2023.06.13"]
[WhiteClock "0:00:43"]
[BlackClock "0:00:00"]
[Board "159"]

1. e4 c5 2. Nf3 g6 3. d4 Bg7 4. Be3 cxd4 5. Bxd4 Nf6 6. c4 O-O 7. Nc3 Nc6 8. Be3 d6 9. Be2 h6 10. Qd2 Kh7 11. O-O Be6 12. Rfd1 Rc8 13. Rac1 Ng4 14. Nd5 Nxe3 15. Nxe3 Qb6 16. Nd5 Qxb2 17. Qxb2 Bxb2 18. Rb1 Bg7 19. Rxb7 Rb8 20. Rdb1 Rxb7 21. Rxb7 Rb8 22. Rxb8 Nxb8 23. Nxe7 Nd7 24. Kf1 Nb6 25. Nd2 Bc3 26. Nb1 Bb4 27. Nc6 Nxc4 28. Nxb4 a5 29. Nc6 a4 30. Nc3 a3 31. Nd8 Nd2+ 32. Ke1 Nc4 33. Nxe6 fxe6 34. Bxc4 e5 35. Nb5 1-0


[Site "https://www.chess.com"]

[Event "Titled Tuesday Blitz June 13 Early 2023"]
[White "Clawitter, Craig"]
[Black "Fabris, Alberto"]
[WhiteFideId "2023105"]
[BlackFideId "801348"]
[WhiteElo "2228"]
[BlackElo "2169"]
[Result "0-1"]
[Round "9"]
[TimeControl "180+2"]
[Date "2023.06.13"]
[WhiteClock "0:00:24"]
[BlackClock "0:01:31"]
[Board "160"]

1. e4 c5 2. Nf3 d6 3. d4 cxd4 4. Nxd4 Nf6 5. Nc3 a6 6. Be3 e5 7. Nb3 Be7 8. f3 O-O 9. Qd2 Qc7 10. g4 Be6 11. O-O-O b5 12. Rg1 Nbd7 13. g5 Ne8 14. f4 Nc5 15. f5 Bxb3 16. axb3 b4 17. Nd5 Nxb3+ 18. Kb1 Nxd2+ 19. Rxd2 Qb7 20. f6 Bd8 21. fxg7 Nxg7 22. Nf6+ Kh8 23. Rxd6 Ne6 24. Bc4 Bxf6 25. gxf6 Qxe4 26. Bh6 Rg8 27. Bg7+ Nxg7 28. Bd5 Qd4 29. Rxg7 Rxg7 30. fxg7+ Kxg7 31. Rd7 Qg1+ 32. Ka2 Rf8 33. h4 Qh2 0-1


[Site "https://www.chess.com"]

[Event "Titled Tuesday Blitz June 13 Early 2023"]
[White "Georg, Heinz"]
[Black "Kriti Mayur Patel"]
[WhiteFideId "4607295"]
[BlackFideId "35061780"]
[WhiteElo "2289"]
[BlackElo "1306"]
[Result "1-0"]
[Round "9"]
[TimeControl "180+2"]
[Date "2023.06.13"]
[WhiteClock "0:00:19"]
[BlackClock "0:00:00"]
[Board "161"]

1. e4 e5 2. Nf3 Nc6 3. Nc3 Nf6 4. d4 exd4 5. Nd5 Bb4+ 6. Nxb4 Nxb4 7. e5 Nfd5 8. a3 Nc6 9. c4 Nb6 10. Bd3 d6 11. exd6 Qxd6 12. O-O Bg4 13. Re1+ Kd7 14. h3 Bh5 15. Bf5+ Kd8 16. c5 Qxc5 17. Be4 Kd7 18. Bxc6+ Qxc6 19. Qxd4+ Qd6 20. Ne5+ Kc8 21. Qh4 f6 22. Qxh5 fxe5 23. Be3 Nd5 24. Rad1 b6 25. Qf3 Rd8 26. Bg5 Rd7 27. Rd2 c6 28. Qe4 Kb7 29. Qxh7 Rf8 30. Qe4 Qc5 31. Be3 Qd6 32. Red1 Qf6 33. b4 Re7 34. b5 Nxe3 35. bxc6+ Qxc6 36. Rd7+ Rxd7 37. Rxd7+ Ka6 38. Qxc6 1-0


[Site "https://www.chess.com"]

[Event "Titled Tuesday Blitz June 13 Early 2023"]
[White "Luxama, Jacques Muller"]
[Black "Torres Dominguez, David"]
[WhiteFideId "11900113"]
[BlackFideId "2220857"]
[WhiteElo "1931"]
[BlackElo "1999"]
[Result "1-0"]
[Round "9"]
[TimeControl "180+2"]
[Date "2023.06.13"]
[WhiteClock "0:00:29"]
[BlackClock "0:00:00"]
[Board "162"]

1. e4 e5 2. Nf3 d6 3. d4 exd4 4. Nxd4 Nf6 5. Nc3 Be7 6. g3 O-O 7. Bg2 Bg4 8. f3 Bd7 9. O-O Nc6 10. Nde2 Re8 11. Be3 a6 12. b3 h6 13. Qd2 Bf8 14. Rad1 Ne5 15. h3 Ng6 16. f4 c6 17. Qe1 Qa5 18. Qf2 Qd8 19. Rd2 Qc8 20. Kh2 b5 21. a3 a5 22. f5 Ne5 23. Kh1 b4 24. axb4 axb4 25. Na4 c5 26. Nb6 Qb7 27. Nxa8 Rxa8 28. Qf4 Bc6 29. Bxc5 Nh5 30. Qh4 Be7 31. Qxh5 dxc5 32. Nf4 1-0


[Site "https://www.chess.com"]

[Event "Titled Tuesday Blitz June 13 Early 2023"]
[White "Kiseljova, Marya"]
[Black "Alexanian, Nelli"]
[WhiteFideId "4155009"]
[BlackFideId "4170539"]
[WhiteElo "1831"]
[BlackElo "2024"]
[Result "1-0"]
[Round "9"]
[TimeControl "180+2"]
[Date "2023.06.13"]
[WhiteClock "0:00:20"]
[BlackClock "0:00:00"]
[Board "163"]

1. d4 Nf6 2. c4 c5 3. d5 b5 4. cxb5 a6 5. b6 e6 6. Nc3 Nxd5 7. Nxd5 exd5 8. Qxd5 Nc6 9. Nf3 Be7 10. g3 O-O 11. Bg2 Rb8 12. O-O Rxb6 13. Nd2 Nb4 14. Qh5 Rh6 15. Qf3 d5 16. a3 Nc2 17. Rb1 Nd4 18. Qxd5 Nxe2+ 19. Kh1 Qxd5 20. Bxd5 Rd8 21. Re1 Nxc1 22. Rxe7 Kf8 23. Rxf7+ Ke8 24. Rxc1 Rxd5 25. Rc7 Bf5 26. R7xc5 Rxd2 27. Rxf5 Rxb2 28. Rc7 Kd8 29. Rxg7 Re6 30. Rf8+ Re8 31. Rff7 Re1+ 32. Kg2 Ree2 33. Rxh7 a5 34. Rd7+ Kc8 35. Rdf7 Kd8 36. Rh8+ Re8 37. Rxe8+ Kxe8 38. Ra7 Rb5 39. a4 Rc5 40. h4 1-0


[Site "https://www.chess.com"]

[Event "Titled Tuesday Blitz June 13 Early 2023"]
[White "Winkels, Marcel"]
[Black "Porat, Tori"]
[WhiteFideId "1003887"]
[BlackFideId "30982626"]
[WhiteElo "1900"]
[BlackElo "1752"]
[Result "1-0"]
[Round "9"]
[TimeControl "180+2"]
[Date "2023.06.13"]
[WhiteClock "0:00:08"]
[BlackClock "0:00:11"]
[Board "164"]

1. e4 c5 2. Nf3 Nc6 3. d4 cxd4 4. Nxd4 e5 5. Nb5 d6 6. c4 Nf6 7. N1c3 a6 8. Na3 Be7 9. Bd3 O-O 10. O-O Nb4 11. Nc2 Nxd3 12. Qxd3 Be6 13. Bg5 Rc8 14. Ne3 Qb6 15. Bxf6 Bxf6 16. Ncd5 Bxd5 17. Nxd5 Qxb2 18. Nxf6+ gxf6 19. Qxd6 Rc6 20. Qd3 Qb4 21. Rfc1 Rfc8 22. Rab1 Qe7 23. Rb3 b5 24. Rbc3 b4 25. R3c2 Rc5 26. Rd1 Qe6 27. Rdc1 a5 28. f3 Qb6 29. Kh1 Qe6 30. h3 Kg7 31. Kh2 Qb6 32. Qe3 Qe6 33. Qe2 a4 34. Qd3 Qb6 35. Rb1 Rb8 36. Rcb2 Qa5 37. Qe2 a3 38. Rb3 Kg8 39. f4 exf4 40. Qg4+ Kh8 41. Qxf4 Rb6 42. Rg3 Rxc4 43. Qg4 Qg5 44. Qe2 Qc5 45. Rd1 Rb8 46. Qg4 Qg5 47. Qf3 Qe5 48. Rd5 Qxe4 49. Qxf6# 1-0


[Site "https://www.chess.com"]